 Dungeon Crawl Stone Soup version 0.29.1-4-g47bece8355 (webtiles) character file.

Game seed: 17007783986699054227

339 concernfroge the Trooper (level 6, 0/55 HPs)
             Began as a Mummy Monk on Dec 3, 2022.
             Slain by Pikel
             ... wielding a +2 whip of flaming
              (6 damage)
             ... on level 4 of the Dungeon.
             The game lasted 00:09:13 (3090 turns).

concernfroge the Trooper (Mummy Monk)               Turns: 3090, Time: 00:09:14

Health: 0/55       AC:  8    Str: 22    XL:     6   Next: 29%
Magic:  6/6        EV:  9    Int: 10    God:
Gold:   253        SH:  7    Dex: 14    Spells: 5/5 levels left

rFire   x . .      SeeInvis +   o - +0 trident
rCold   + . .      Faith    .   q - +0 kite shield
rNeg    + + +      Spirit   .   n - +0 ring mail
rPois   ∞          Reflect  .   l - +0 helmet
rElec   .          Harm     .   s - +1 cloak
rCorr   .          Rampage  .   (no gloves)
Will    .....                   (no boots)
Stlth   +.........              d - amulet of regeneration
HPRegen 0.98/turn               f - ring of see invisible
MPRegen 0.10/turn               m - +6 ring of strength

@: no status effects
A: cold resistance 1, negative energy resistance 3, torment resistance 2, heat
vulnerability 1, in touch with death 1, no potions
a: no special abilities


You were on level 4 of the Dungeon.
You visited 1 branch of the dungeon, and saw 4 of its levels.

You collected 253 gold pieces.

Inventory:

Hand Weapons
 o - a +0 trident (weapon)
Missiles
 c - 4 poisoned darts (quivered)
 p - a boomerang
Armour
 i - a scarf of invisibility
 l - a +0 helmet (worn)
 n - a +0 ring mail (worn)
 q - a +0 kite shield (worn)
 s - a +1 cloak (worn)
Jewellery
 d - an amulet of regeneration (around neck)
 f - a ring of see invisible (left hand)
 m - a +6 ring of strength (right hand)
Wands
 a - a wand of polymorph (11)
 r - a wand of flame (9)
Scrolls
 e - a scroll of noise
 g - 3 scrolls of identify
 j - a scroll of blinking


   Skills:
 + Level 7.2 Fighting
 - Level 2.4 Polearms
 - Level 2.4 Dodging
 - Level 1.5 Stealth


You had 5 spell levels left.
You didn't know any spells.
Your spell library contained the following spells:

 Spells                   Type           Power      Damage    Failure   Level
 Apportation              Tloc           0%         N/A       92%         1
 Summon Guardian Golem    Hex/Summ       0%         N/A       100%        3
 Alistair's Intoxication  Tmut/Pois      0%         N/A       100%        5
 Orb of Destruction       Conj           0%         9d5       100%        7
 Spellforged Servitor     Conj/Summ      0%         N/A       100%        7


Dungeon Overview and Level Annotations

Branches:
Dungeon (4/15)
 Temple: D:4-7

Altars:
Makhleb

Shops:
D:1 !

Annotations:
D:3 1 runed translucent door, fantasyman's ghost, amateur DgFi
D:4 Pikel


Innate Abilities, Weirdness & Mutations

You are immune to poison.
Your flesh is cold resistant. (rC+)
You are immune to negative energy. (rN+++)
You are immune to unholy pain and torment.
You are vulnerable to heat. (rF-)
You are in touch with the powers of death.
You do not drink.


Message History

Pikel is heavily wounded.
Pikel barely misses you.
Pikel hits you with a +2 whip of flaming!
Pikel burns you.
The lemure shouts!
You hit Pikel.
Pikel is severely wounded.
Pikel hits you with a +2 whip of flaming!
Pikel burns you.
You hit Pikel but do no damage.
Pikel is severely wounded.
Pikel hits you with a +2 whip of flaming!
Pikel burns you. You block Pikel's attack.
You barely miss Pikel.
Pikel is severely wounded.
Pikel hits you with a +2 whip of flaming.
Pikel burns you.
You hit Pikel.
Pikel is severely wounded.
Pikel hits you with a +2 whip of flaming!
* * * LOW HITPOINT WARNING * * *
Pikel burns you.
* * * LOW HITPOINT WARNING * * *
Throw: 2 darts (atropa)
Press: ? - help, Q - select action, (/) - cycle Shift-Dir - straight line, f - lemure
Aim: a lemure (55% to hit, chance to blind on hit: 41%)
You throw an atropa-tipped dart. The atropa-tipped dart hits Pikel.
Pikel resists.
Pikel is severely wounded.
You block Pikel's attack. Pikel closely misses you.
Throw: dart (atropa)
Press: ? - help, Q - select action, (/) - cycle Shift-Dir - straight line, f - lemure, p - lemure
Aim: a lemure (55% to hit, chance to blind on hit: 27%)
You throw an atropa-tipped dart. The atropa-tipped dart hits Pikel.
Pikel resists.
Pikel is severely wounded.
Pikel hits you with a +2 whip of flaming!
* * * LOW HITPOINT WARNING * * *
Pikel burns you.
You die...

#.###.####.## #.#
#.# .# #.# #.# .#
#.# #.####.###
#####.###.#.......
#............)....
#.#######.#.......
#.# #......... #@#
#.#.#..... #K#
#..###.... #5# #.#
#... #5#### #..
### #55..# #.#
#.##.# #.##.#
#(...# ###.K#


You could see Pikel and 4 lemures.

Vanquished Creatures
  A scorpion (D:3)
  A hound (D:3)
  Crazy Yiuf (D:3)
  Jessica (D:2)
  Natasha (thrice) (D:3)
  4 adders
  A white imp (D:3)
  A worm (D:3)
  3 dart slugs
  An orc (D:3)
  4 ball pythons
  6 endoplasms
  10 giant cockroaches
  5 goblins
  6 hobgoblins
  2 jackals
  3 quokkas
  5 bats
  7 frilled lizards
  2 kobolds
  8 rats
75 creatures vanquished.

Vanquished Creatures (others)
  12 fungi (D:3)
12 creatures vanquished.

Grand Total: 87 creatures vanquished

Notes
Turn   | Place    | Note
-------+----------+-------------------------------------------
     0 | D:1      | concernfroge the Mummy Monk began the quest for the Orb.
     0 | D:1      | Reached XP level 1. HP: 18/18 MP: 1/1
   496 | D:1      | Reached XP level 2. HP: 19/24 MP: 2/2
   696 | D:1      | Found Varph's Distillery.
  1019 | D:1      | Reached skill level 4 in Fighting
  1300 | D:2      | Noticed Jessica
  1311 | D:2      | Killed Jessica
  1312 | D:2      | Gained mutation: You are in touch with the powers of death.
                  | [Mummy growth]
  1312 | D:2      | Reached XP level 3. HP: 19/31 MP: 3/3
  1388 | D:2      | Reached XP level 4. HP: 38/38 MP: 4/4
  1397 | D:2      | Reached skill level 5 in Fighting
  2204 | D:3      | Noticed Natasha
  2221 | D:3      | Killed Natasha
  2222 | D:3      | Reached XP level 5. HP: 28/46 MP: 5/5
  2269 | D:3      | Found a runed translucent door.
  2269 | D:3      | Noticed fantasyman's ghost (amateur DgFi)
  2389 | D:3      | Found a burning altar of Makhleb.
  2432 | D:3      | Reached skill level 6 in Fighting
  2528 | D:3      | Noticed Natasha
  2535 | D:3      | Killed Natasha
  2846 | D:3      | Found a runed translucent door.
  2847 | D:3      | Noticed Crazy Yiuf
  2863 | D:3      | Killed Crazy Yiuf
  2864 | D:3      | Reached XP level 6. HP: 41/53 MP: 6/6
  2931 | D:3      | Reached skill level 7 in Fighting
  2991 | D:3      | Noticed Natasha
  2997 | D:3      | Killed Natasha
  3024 | D:4      | Noticed Pikel
  3090 | D:4      | Slain by Pikel

Illustrated notes

Levels and vault maps discovered:
D:1:      amcnicky_arrival_abandoned_market, layout_basic, serial_shops, shop,
          minmay_shallow_snake_nest
D:2:      minmay_razor_zed, layout_rooms, grunt_decor_clamped, uniq_jessica
D:3:      layout_loops_ring, mainiacjoe_overflow_cross_hatched,
          hellmonk_ghost_happy_afterlife, hangedman_abyss_or_decor_stabs,
          uniq_crazy_yiuf_cottage, uniq_natasha
D:4:      layout_loops_ring, mainiacjoe_overflow_swirl, portal_sewer_entry_e,
          serial_shops, shop, uniq_pikel, uniq_blork_the_orc

Skill      XL: |  1  2  3  4  5  6 |
---------------+-------------------+-----
Fighting       | 4 5 6 7 |  7.2
Polearms       | |  2.4
Dodging        | |  2.4
Stealth        | |  1.5

Action                   |  1- 3 |  4- 6 || total
-------------------------+-------+-------++-------
Melee: Spear             |   102 |       ||   102
       Dagger            |    21 |   124 ||   145
       Punch             |     1 |       ||     1
       Trident           |       |    77 ||    77
Throw: Dart              |     5 |    14 ||    19
       Throwing net      |       |     3 ||     3
  Use: Scroll            |       |     4 ||     4
 Stab: Sleeping          |     2 |     4 ||     6
       Invisible         |       |     1 ||     1
       Held in net/web   |       |     1 ||     1
Armor: Robe              |     7 |       ||     7
       Leather armour    |     6 |    30 ||    36
       Ring mail         |       |    20 ||    20
Dodge: Dodged            |    70 |    95 ||   165
Block: Buckler           |       |    29 ||    29
       Kite shield       |       |    14 ||    14
